 Dungeon Crawl Stone Soup version 0.19-a0-160-gd53b84c (webtiles) character file.

130 wvc the Chiller (level 4, 9/32 HPs)
             Began as a Mummy Ice Elementalist on May 21, 2016.
             Was an Initiate of Ru.
             Quit the game on level 3 of the Dungeon.
             The game lasted 00:05:35 (3516 turns).

wvc the Chiller (Mummy Ice Elementalist)            Turns: 3516, Time: 00:05:36

Health: 9/32       AC:  5    Str: 11    XL:     4   Next: 90%
Magic:  7/7        EV: 10    Int: 15    God:    Ru [......]
Gold:   102        SH:  0    Dex: 12    Spells: 1 memorised, 6 levels left

rFire  x . .     SeeInvis .     p - +0 flail
rCold  + . .     Gourm    .     g - +0 ring mail
rNeg   + + +     Faith    .     (no shield)
rPois  ∞         Spirit   .     (no helmet)
rElec  .         Dismiss  .     (no cloak)
rCorr  .         Reflect  .     (no gloves)
SustAt .         Harm     .     (no boots)
MR     .....                    (no amulet)
Stlth  +.........               (no ring)
                                (no ring)

@: not resistant to hostile enchantments, very unstealthy
A: no food or potions, fire vulnerability, cold resistance 1, negative energy
resistance 3, torment resistance, unbreathing
a: Renounce Religion


You were on level 3 of the Dungeon.
You worshipped Ru.
Ru was noncommittal.
You were not hungry.

You visited 1 branch of the dungeon, and saw 3 of its levels.

You collected 102 gold pieces.

Inventory:

Hand Weapons
 p - a +0 flail (weapon)
Missiles
 c - 8 curare-tipped needles
Armour
 a - a +0 robe
 g - a +0 ring mail (worn)
Wands
 m - a wand of paralysis (6/24)
Scrolls
 d - 4 scrolls of magic mapping
 h - a scroll of blinking {unknown}
 i - 2 scrolls of amnesia {unknown}
 j - 2 scrolls of remove curse
 k - 2 scrolls of noise {unknown}
 l - 2 scrolls of recharging {unknown}
 n - a scroll of immolation {unknown}
 o - 2 scrolls of identify
Books
 b - a book of Frost

   Spells                             Type                      Level
   a - Freeze                         Ice                          1
   b - Throw Frost                    Conjuration/Ice              2
   c - Ozocubu's Armour               Charms/Ice                   3
   d - Throw Icicle                   Conjuration/Ice              4
   e - Summon Ice Beast               Ice/Summoning                4


   Skills:
 + Level 1.5 Fighting
 * Level 1.0 Maces & Flails
 + Level 1.3 Armour
 - Level 1.5 Dodging
 - Level 1.5 Stealth
 - Level 2.3 Spellcasting
   Level 0.7 Conjurations
 - Level 3.5 Ice Magic


You had 6 spell levels left.
You knew the following spells:

 Your Spells              Type           Power        Failure   Level  Hunger
a - Freeze                Ice            ##..         14%         1    N/A

Dungeon Overview and Level Annotations

Branches:
Dungeon (3/15)

Altars:
Ru

Annotations:
D:3 Sigmund


Innate Abilities, Weirdness & Mutations

You do not eat or drink.
Your flesh is vulnerable to fire.
You are immune to poison.
Your flesh is cold resistant.
You are immune to negative energy.
You are immune to unholy pain and torment.
You can survive without breathing.


Message History

An orc comes into view. It is wielding a dagger.
The orc shouts! x2
You hit the orc.
The orc is lightly wounded.
Sigmund gestures wildly while chanting.
Sigmund flickers and vanishes!
Deactivating autopickup; reactivate with Ctrl-A.
The orc closely misses you.
You closely miss the orc. The orc misses you.
The orc hits you but does no damage. Something hits you.
You sock the orc!
You kill the orc!
Something hits you!
You see here a short sword.
You hit something but do no damage. Something hits you!
You barely miss something. Something hits you but does no damage.
You miss something. Something hits you.
* * * LOW HITPOINT WARNING * * *
You are too injured to fight recklessly!
Are you sure you want to abandon this character and quit the game? (Confirm with "yes".)

##...#########.#>..##...........#
##..# #.........#.......## ##.#
#.#.#####.##.....## #.# #.#.#
#.###...## #.# #.#†#####.# ##+##
#.# #.........# ####.#
###.####### .....# #.# ###### #@#
#.# ## #o# .o ##o##.##.o.
#.o..o...# ##.##.#### ### .. ##


You could see 3 orcs.

Vanquished Creatures
  A hound (D:3)
  4 adders
  A worm (D:3)
  A dart slug (D:1)
  2 giant geckos
  2 orcs (D:3)
  4 bats
  2 giant cockroaches
  4 goblins
  6 hobgoblins
  11 jackals
  A giant newt (D:1)
  6 kobolds
  10 rats
55 creatures vanquished.

Notes
Turn   | Place    | Note
--------------------------------------------------------------
     0 | D:1      | wvc the Mummy Ice Elementalist began the quest for the Orb.
     0 | D:1      | Reached XP level 1. HP: 13/13 MP: 3/3
   230 | D:1      | Reached XP level 2. HP: 14/19 MP: 1/5
   624 | D:1      | Reached skill level 3 in Ice Magic
  1584 | D:2      | Reached XP level 3. HP: 24/24 MP: 6/6
  1624 | D:2      | Found a faded altar to an unknown god.
  1638 | D:2      | Became a worshipper of Ru the Awakened
  2374 | D:3      | Reached XP level 4. HP: 23/31 MP: 7/7
  2528 | D:3      | Reached skill level 1 in Maces & Flails
  2810 | D:3      | Reached skill level 1 in Fighting
  2870 | D:3      | Reached skill level 1 in Armour
  3501 | D:3      | Noticed Sigmund
  3516 | D:3      | Quit the game

Vault maps used:
D:1:      minmay_arrival_open_corners, hangedman_decor_lopped,
          minmay_curled_crystal, hex_large
D:2:      ecumenical_altar_1, kennysheep_generic_room_9
D:3:      first_bread, uniq_sigmund

Skill      XL: |  1  2  3  4 |
---------------+-------------+-----
Ice Magic      | 3 |  3.5
Maces & Flails | 1 |  1.0
Fighting       | 1 |  1.5
Armour         | 1 |  1.3
Dodging        | |  1.5
Stealth        | |  1.5
Spellcasting   | |  2.3
Conjurations   | |  0.7

Action                   |  1- 3 |  4- 6 || total
-------------------------+-------+-------++-------
Melee: Unarmed           |    17 |       ||    17
       Mace              |   129 |    70 ||   199
       Flail             |       |    10 ||    10
 Cast: Freeze            |    28 |     3 ||    31
Invok: Reject Sacrifices |     1 |       ||     1
  Use: Scroll            |     2 |       ||     2
 Stab: Distracted        |       |     1 ||     1
Armor: Robe              |    30 |       ||    30
       Ring mail         |    37 |    33 ||    70
Dodge: Dodged            |   150 |    48 ||   198
